Rangers vs Panthers

Created - February 19, 2016 at 21:49

Goals
1 2 3 T
Rangers 0 0 0 0
Panthers 1 1 0 2
Shots
1 2 3 T
Rangers 5 13 8 26
Panthers 4 8 3 15

1st period

1. Panthers , Henrik Zetterberg 13 (Pavel Datsyuk, Vladimir Tarasenko) at 19:50

Penalties :
Anton Volchenkov (NYR) for Interference (Minor) at 12:17, Tyler Ennis (NYR) for Interference (Minor) at 15:29

2nd period

2. Panthers , Pavel Datsyuk 32 (Vladimir Tarasenko, Danny DeKeyser) at 4:43

Penalties :
Eric Nystrom (FLA) for Holding (Minor) at 10:16, Tomas Hertl (FLA) for Cross-checking (Minor) at 18:14

3rd period

No Goal

Penalties :
Mark Borowiecki (FLA) for Interference (Minor) at 2:09, Tyler Ennis (NYR) for Tripping (Minor) at 7:14, Mark Borowiecki (FLA) for Goalie Interference (Minor) at 11:34

Goalie Stats

Brian Elliott (NYR), 13 saves from 15 shots - (0.867), L, 25-27-1, 60:00 minutes
Semyon Varlamov (FLA), 26 saves from 26 shots - (1.000), W, 15-13-1, 60:00 minutes

Players Stats for Rangers

Player Name              G  A  P  +/- PIM S  H  SB GA TA FO     MP     PP MP  PK MP  
------------------------------------------------------------------------------------
Alex Goligoski           0  0  0   0  0   4  1  0  0  0  0/0    23:48   4:13   3:08 
Anton Volchenkov         0  0  0  -1  2   0  2  1  0  0  0/0    14:55   0:04   0:00 
Benoit Pouliot           0  0  0   0  0   2  0  0  0  0  0/0    15:55   3:43   0:10 
Brad Richards            0  0  0  -1  0   0  0  0  0  0  3/7     7:13   0:34   0:18 
Bryan Allen              0  0  0  -1  0   0  1  0  0  0  0/0    18:21   0:00   2:49 
Chris Tanev              0  0  0   0  0   0  0  2  0  0  0/0    21:32   4:09   2:59 
Craig Smith              0  0  0   0  0   0  0  0  0  0  3/5    15:45   3:43   0:00 
David Jones              0  0  0  -1  0   1  2  0  0  0  0/0     6:25   0:04   0:00 
Eric Brewer              0  0  0  -1  0   0  1  0  0  0  0/0    18:35   3:43   0:00 
Jaromir Jagr             0  0  0   0  0   3  0  0  0  0  1/1    19:07   4:09   0:00 
Kris Russell             0  0  0  -1  0   0  0  1  0  0  0/0    22:48   3:43   2:58 
Lance Bouma              0  0  0  -1  0   0  3  0  0  0  0/1     8:32   0:00   2:11 
Matt Calvert             0  0  0   0  0   1  1  0  0  0  1/1    12:06   0:04   0:00 
Mikael Backlund          0  0  0  -1  0   2  1  0  0  0  1/2    16:09   0:00   3:23 
Sean Couturier           0  0  0  -1  0   2  0  0  0  0  15/22  16:14   0:00   3:28 
Tomas Tatar              0  0  0   0  0   0  1  0  0  0  1/4    18:07   3:09   0:00 
Tyler Ennis              0  0  0  -1  4   2  2  0  0  0  6/7    16:57   4:13   0:00 
Zemgus Girgensons        0  0  0   0  0   9  1  1  0  0  9/16   21:31   4:09   2:24 

Players Stats for Panthers

Player Name              G  A  P  +/- PIM S  H  SB GA TA FO     MP     PP MP  PK MP  
------------------------------------------------------------------------------------
Blake Wheeler            0  0  0   0  0   2  4  0  0  0  0/2    19:32   2:47   0:00 
Danny DeKeyser           0  1  1   2  0   1  2  4  0  0  0/0    21:56   2:57   4:08 
Eric Nystrom             0  0  0   0  2   2  0  1  0  0  1/1    14:57   0:34   4:28 
Henrik Zetterberg        1  0  1   2  0   4  1  0  0  0  0/1    19:08   2:57   1:29 
Jack Skille              0  0  0   0  0   0  1  0  0  0  0/0     4:44   0:00   0:00 
Jeff Petry               0  0  0   0  0   0  0  0  0  0  0/0    14:34   0:47   0:00 
Jori Lehtera             0  0  0   0  0   0  0  0  0  0  5/13   10:43   0:47   0:00 
Justin Braun             0  0  0   0  0   0  3  0  0  0  0/0    23:43   2:26   3:48 
Marc Staal               0  0  0   2  0   0  4  3  0  0  0/0    21:56   2:57   4:08 
Mark Borowiecki          0  0  0   0  4   0  4  0  0  0  0/0    13:45   0:00   0:00 
Nathan MacKinnon         0  0  0   0  0   0  1  0  0  0  4/13   19:11   2:26   0:00 
Patrick Kane             0  0  0   0  0   1  0  0  0  0  1/2    19:11   2:26   0:00 
Pavel Datsyuk            1  1  2   2  0   3  1  0  0  0  9/17   20:44   2:57   3:05 
Pierre-Edouard Bellemare 0  0  0   0  0   0  0  0  0  0  0/1     6:05   0:00   1:21 
Riley Nash               0  0  0   0  0   1  0  1  0  0  6/14   10:13   0:00   5:29 
T.J. Brodie              0  0  0   0  0   0  0  0  0  0  0/0    24:04   2:47   3:48 
Tomas Hertl              0  0  0   0  2   0  0  0  0  0  0/2     9:55   0:00   0:00 
Vladimir Tarasenko       0  2  2   2  0   1  1  0  0  0  0/0    17:39   2:57   0:00 

3 Stars

1 - Semyon Varlamov (FLA)
2 - Pavel Datsyuk (FLA)
3 - Vladimir Tarasenko (FLA)

Power Play

Rangers - 0 on 4 Attempt(s) - 0.00%
Panthers - 0 on 3 Attempt(s) - 0.00%

Penalty Kill

Rangers - 3 on 3 Attempt(s) - 100.00% - Score 0 goal in Penalty Kill
Panthers - 4 on 4 Attempt(s) - 100.00% - Score 0 goal in Penalty Kill

Team Stat

Rangers - Hits : 16 - Faceoff Wins : 40 - Blocked Shots : 5 - Penalty Minutes : 6
Panthers - Hits : 22 - Faceoff Wins : 26 - Blocked Shots : 9 - Penalty Minutes : 8

Official

Referees : Jon Mclsaac and Brad Meier
Linesman : Scott Driscoll and Mark Wheler

Game Notes

No Game Note

Finance

Level 1 -- Attendance: 6000 (100.00%) -- Ticket Income $642,000
Level 2 -- Attendance: 4866 (97.32%) -- Ticket Income $374,682
Level 3 -- Attendance: 3283 (93.80%) -- Ticket Income $170,716
Level 4 -- Attendance: 3176 (84.69%) -- Ticket Income $73,048
Luxury Box -- Attendance: 1000 (100.00%) -- Ticket Income $200,000
Game was played at the BBT Center.
Total Attendance: 18325 (95.19%)
Total Ticket Income: $1,460,446
Other Income: $219,067
Total Income: $1,679,513

% Time on Ice - Rangers

Lines # - Real PCT - Wanted PCT - Time Play
Normal Forward
1 - 32% - 40% - 14:58
2 - 28% - 30% - 12:46
3 - 26% - 20% - 12:02
4 - 14% - 10% - 6:21
Normal Defense
1 - 31% - 40% - 14:24
2 - 34% - 30% - 15:32
3 - 32% - 20% - 14:52
4 - 3% - 10% - 1:19
PP Forward
1 - 53% - 60% - 4:13
2 - 47% - 40% - 3:43
PP Defense
1 - 53% - 60% - 4:13
2 - 47% - 40% - 3:43
PK Forward
1 - 63% - 60% - 3:46
2 - 37% - 40% - 2:11
PK Defense
1 - 53% - 60% - 3:08
2 - 47% - 40% - 2:49
PK3 Forward
1 - 0% - 60%
2 - 0% - 40%
PK3 Defense
1 - 0% - 60%
2 - 0% - 40%
44 Forward
1 - 0% - 60%
2 - 0% - 40%
44 Defense
1 - 0% - 60%
2 - 0% - 40%
Last Minute Offensive  - 0:00
Last Minute Defensive  - 0:00
Total
Forward - 60:00
Defense - 60:00

% Time on Ice - Panthers

Lines # - Real PCT - Wanted PCT - Time Play
Normal Forward
1 - 36% - 37% - 16:45
2 - 32% - 35% - 14:42
3 - 22% - 22% - 9:56
4 - 10% - 6% - 4:44
Normal Defense
1 - 38% - 41% - 17:29
2 - 32% - 39% - 14:51
3 - 30% - 20% - 13:47
4 - 0% - 0% - 0:00
PP Forward
1 - 50% - 50% - 3:00
2 - 50% - 50% - 2:57
PP Defense
1 - 50% - 55% - 3:00
2 - 50% - 45% - 2:57
PK Forward
1 - 81% - 60% - 6:27
2 - 19% - 40% - 1:29
PK Defense
1 - 48% - 60% - 3:48
2 - 52% - 40% - 4:08
PK3 Forward
1 - 0% - 60%
2 - 0% - 40%
PK3 Defense
1 - 0% - 60%
2 - 0% - 40%
44 Forward
1 - 0% - 60%
2 - 0% - 40%
44 Defense
1 - 0% - 60%
2 - 0% - 40%
Last Minute Offensive  - 0:00
Last Minute Defensive  - 0:00
Total
Forward - 60:00
Defense - 60:00

Play by Play

1st period


0:01 of 1st period - Zemgus Girgensons wins face-off versus Patrick Kane in neutral zone.
0:01 of 1st period - Zemgus Girgensons is hit by Blake Wheeler.
0:04 of 1st period - Jaromir Jagr is hit by Justin Braun and loses puck.
0:43 of 1st period - Shot by Zemgus Girgensons.
0:43 of 1st period - Stopped by Semyon Varlamov without a rebound.
0:44 of 1st period - Sean Couturier wins face-off versus Henrik Zetterberg in Panthers zone.
0:44 of 1st period - Mikael Backlund is hit by Marc Staal.
2:08 of 1st period - Shot by Tomas Hertl.
2:08 of 1st period - Shot Misses the Net.
2:10 of 1st period - Shot by Eric Nystrom.
2:10 of 1st period - Shot Misses the Net.
2:12 of 1st period - Shot by Eric Nystrom.
2:12 of 1st period - Shot Misses the Net.
2:58 of 1st period - Off-side.
2:59 of 1st period - Zemgus Girgensons wins face-off versus Nathan MacKinnon in neutral zone.
4:00 of 1st period - Icing by Riley Nash.
4:01 of 1st period - Brad Richards wins face-off versus Riley Nash in Panthers zone.
4:01 of 1st period - Brad Richards is hit by Marc Staal.
4:35 of 1st period - Icing by Kris Russell.
4:36 of 1st period - Pavel Datsyuk wins face-off versus Brad Richards in Rangers zone.
4:37 of 1st period - Shot by Henrik Zetterberg.
4:37 of 1st period - Stopped by Brian Elliott without a rebound.
4:38 of 1st period - Pavel Datsyuk wins face-off versus Sean Couturier in Rangers zone.
4:53 of 1st period - Shot by Tyler Ennis.
4:53 of 1st period - Shot Misses the Net.
5:03 of 1st period - Shot by Tyler Ennis.
5:03 of 1st period - Deflect By Mikael Backlund.
5:03 of 1st period - Shot Misses the Net.
5:05 of 1st period - Shot by Mikael Backlund.
5:05 of 1st period - Stopped by Semyon Varlamov without a rebound.
5:06 of 1st period - Zemgus Girgensons wins face-off versus Jori Lehtera in Panthers zone.
5:16 of 1st period - Icing by Jeff Petry.
5:17 of 1st period - Jori Lehtera wins face-off versus Lance Bouma in Panthers zone.
5:17 of 1st period - Jori Lehtera is hit by Lance Bouma.
5:32 of 1st period - Shot by Eric Nystrom.
5:32 of 1st period - Shot Misses the Net.
5:34 of 1st period - Shot by Mark Borowiecki.
5:34 of 1st period - Shot Blocked by Chris Tanev.
5:43 of 1st period - Eric Nystrom is hit by Alex Goligoski.
7:08 of 1st period - Shot by Zemgus Girgensons.
7:08 of 1st period - Stopped by Semyon Varlamov without a rebound.
7:09 of 1st period - Riley Nash wins face-off versus Sean Couturier in Panthers zone.
7:09 of 1st period - Riley Nash is hit by Tyler Ennis.
7:45 of 1st period - Sean Couturier is hit by Justin Braun and loses puck.
8:24 of 1st period - Shot by Henrik Zetterberg.
8:24 of 1st period - Deflect By Pavel Datsyuk.
8:24 of 1st period - Stopped by Brian Elliott without a rebound.
8:25 of 1st period - Craig Smith wins face-off versus Nathan MacKinnon in Rangers zone.
8:25 of 1st period - Alex Goligoski is hit by Blake Wheeler and loses puck.
9:04 of 1st period - Icing by Kris Russell.
9:05 of 1st period - Pavel Datsyuk wins face-off versus Craig Smith in Rangers zone.
9:06 of 1st period - Shot by Henrik Zetterberg.
9:06 of 1st period - Shot Misses the Net.
9:52 of 1st period - Icing by Anton Volchenkov.
9:53 of 1st period - Zemgus Girgensons wins face-off versus Nathan MacKinnon in Rangers zone.
11:54 of 1st period - Shot by Matt Calvert.
11:54 of 1st period - Stopped by Semyon Varlamov without a rebound.
11:55 of 1st period - Brad Richards wins face-off versus Jori Lehtera in Panthers zone.
11:56 of 1st period - Shot by David Jones.
11:56 of 1st period - Stopped by Semyon Varlamov without a rebound.
11:57 of 1st period - Pavel Datsyuk wins face-off versus Zemgus Girgensons in Panthers zone.
11:57 of 1st period - Pavel Datsyuk is hit by Zemgus Girgensons.
12:02 of 1st period - Danny DeKeyser is hit by Anton Volchenkov.
12:17 of 1st period - Minor Penalty to Anton Volchenkov for Interference.
12:18 of 1st period - Pavel Datsyuk wins face-off versus Sean Couturier in Rangers zone.
13:57 of 1st period - Shot by Danny DeKeyser.
13:57 of 1st period - Shot Blocked by Kris Russell.
15:08 of 1st period - Icing by Mark Borowiecki.
15:09 of 1st period - Sean Couturier wins face-off versus Pierre-Edouard Bellemare in Panthers zone.
15:29 of 1st period - Minor Penalty to Tyler Ennis for Interference.
15:30 of 1st period - Sean Couturier wins face-off versus Blake Wheeler in Rangers zone.
15:55 of 1st period - Shot by Blake Wheeler.
15:55 of 1st period - Shot Misses the Net.
16:07 of 1st period - Zemgus Girgensons is hit by Nathan MacKinnon and loses puck.
16:15 of 1st period - Icing by T.J. Brodie.
16:16 of 1st period - Sean Couturier wins face-off versus Nathan MacKinnon in Panthers zone.
17:30 of 1st period - Icing by Henrik Zetterberg.
17:31 of 1st period - Jori Lehtera wins face-off versus Craig Smith in Panthers zone.
17:46 of 1st period - Shot by Benoit Pouliot.
17:46 of 1st period - Shot Blocked by Eric Nystrom.
18:11 of 1st period - Shot by Eric Nystrom.
18:11 of 1st period - Deflect By Tomas Hertl.
18:11 of 1st period - Shot Blocked by Anton Volchenkov.
19:27 of 1st period - Shot by Vladimir Tarasenko.
19:27 of 1st period - Shot Blocked by Chris Tanev.
19:29 of 1st period - Shot by Danny DeKeyser.
19:29 of 1st period - Stopped by Brian Elliott without a rebound.
19:30 of 1st period - Riley Nash wins face-off versus Tyler Ennis in Rangers zone.
19:30 of 1st period - Riley Nash is hit by Bryan Allen.
19:35 of 1st period - Icing by Kris Russell.
19:36 of 1st period - Sean Couturier wins face-off versus Jori Lehtera in Rangers zone.
19:38 of 1st period - Icing by Mikael Backlund.
19:39 of 1st period - Pavel Datsyuk wins face-off versus Sean Couturier in Rangers zone.
19:48 of 1st period - Shot by Pavel Datsyuk.
19:48 of 1st period - Shot Misses the Net.
19:50 of 1st period - Shot by Henrik Zetterberg.
19:50 of 1st period - Goal by Henrik Zetterberg - Rangers : 0 - Panthers : 1.
19:51 of 1st period - Jori Lehtera wins face-off versus Zemgus Girgensons in neutral zone.
Goals for this period are 0 for Rangers vs 1 for Panthers.
Shots for this period are 5 for Rangers vs 4 for Panthers.

2nd period


0:01 of 2nd period - Pavel Datsyuk wins face-off versus Zemgus Girgensons in neutral zone.
1:31 of 2nd period - Shot by Tyler Ennis.
1:31 of 2nd period - Stopped by Semyon Varlamov without a rebound.
1:32 of 2nd period - Jori Lehtera wins face-off versus Brad Richards in Panthers zone.
1:32 of 2nd period - Mark Borowiecki is hit by David Jones and loses puck.
1:49 of 2nd period - Shot by Jori Lehtera.
1:49 of 2nd period - Shot Misses the Net.
1:56 of 2nd period - Jori Lehtera is hit by Eric Brewer and loses puck.
1:59 of 2nd period - Shot by Eric Nystrom.
1:59 of 2nd period - Shot Misses the Net.
2:01 of 2nd period - Shot by Eric Nystrom.
2:01 of 2nd period - Stopped by Brian Elliott without a rebound.
2:02 of 2nd period - Nathan MacKinnon wins face-off versus Zemgus Girgensons in Rangers zone.
2:15 of 2nd period - Shot by Patrick Kane.
2:15 of 2nd period - Stopped by Brian Elliott without a rebound.
2:16 of 2nd period - Sean Couturier wins face-off versus Pavel Datsyuk in Rangers zone.
2:16 of 2nd period - Sean Couturier is hit by Vladimir Tarasenko.
2:35 of 2nd period - Tyler Ennis is hit by Danny DeKeyser and loses puck.
2:44 of 2nd period - Shot by Mikael Backlund.
2:44 of 2nd period - Shot Blocked by Danny DeKeyser.
2:46 of 2nd period - Shot by Bryan Allen.
2:46 of 2nd period - Shot Misses the Net.
2:48 of 2nd period - Shot by Mikael Backlund.
2:48 of 2nd period - Stopped by Semyon Varlamov with a rebound.
2:50 of 2nd period - Shot by Mikael Backlund.
2:50 of 2nd period - Shot Blocked by Danny DeKeyser.
2:55 of 2nd period - Sean Couturier is hit by Danny DeKeyser and loses puck.
3:00 of 2nd period - Shot by Sean Couturier.
3:00 of 2nd period - Stopped by Semyon Varlamov without a rebound.
3:01 of 2nd period - Zemgus Girgensons wins face-off versus Blake Wheeler in Panthers zone.
3:43 of 2nd period - Icing by Chris Tanev.
3:44 of 2nd period - Zemgus Girgensons wins face-off versus Tomas Hertl in Rangers zone.
4:26 of 2nd period - Off-side.
4:27 of 2nd period - Brad Richards wins face-off versus Pavel Datsyuk in neutral zone.
4:30 of 2nd period - Marc Staal is hit by Lance Bouma and loses puck.
4:43 of 2nd period - Shot by Pavel Datsyuk.
4:43 of 2nd period - Goal by Pavel Datsyuk - Rangers : 0 - Panthers : 2.
4:44 of 2nd period - Nathan MacKinnon wins face-off versus Sean Couturier in neutral zone.
5:10 of 2nd period - Bryan Allen is hit by Blake Wheeler and loses puck.
5:59 of 2nd period - Off-side.
6:00 of 2nd period - Craig Smith wins face-off versus Jori Lehtera in neutral zone.
6:41 of 2nd period - Shot by Craig Smith.
6:41 of 2nd period - Shot Misses the Net.
7:29 of 2nd period - Shot by Vladimir Tarasenko.
7:29 of 2nd period - Shot Misses the Net.
8:05 of 2nd period - Shot by Blake Wheeler.
8:05 of 2nd period - Stopped by Brian Elliott with a rebound.
8:17 of 2nd period - Shot by Blake Wheeler.
8:17 of 2nd period - Shot Misses the Net.
8:19 of 2nd period - Shot by T.J. Brodie.
8:19 of 2nd period - Shot Blocked by Zemgus Girgensons.
8:35 of 2nd period - Shot by Blake Wheeler.
8:35 of 2nd period - Shot Misses the Net.
9:23 of 2nd period - Shot by Jack Skille.
9:23 of 2nd period - Shot Misses the Net.
9:25 of 2nd period - Shot by Riley Nash.
9:25 of 2nd period - Stopped by Brian Elliott without a rebound.
9:26 of 2nd period - Sean Couturier wins face-off versus Jori Lehtera in Rangers zone.
9:51 of 2nd period - Shot by Eric Nystrom.
9:51 of 2nd period - Shot Misses the Net.
10:16 of 2nd period - Minor Penalty to Eric Nystrom for Holding.
10:17 of 2nd period - Riley Nash wins face-off versus Brad Richards in Panthers zone.
11:01 of 2nd period - Shot by Alex Goligoski.
11:01 of 2nd period - Shot Misses the Net.
11:03 of 2nd period - Shot by Zemgus Girgensons.
11:03 of 2nd period - Stopped by Semyon Varlamov without a rebound.
11:04 of 2nd period - Tyler Ennis wins face-off versus Riley Nash in Panthers zone.
11:07 of 2nd period - Shot by Chris Tanev.
11:07 of 2nd period - Shot Misses the Net.
11:09 of 2nd period - Shot by Chris Tanev.
11:09 of 2nd period - Shot Blocked by Danny DeKeyser.
11:11 of 2nd period - Shot by Alex Goligoski.
11:11 of 2nd period - Stopped by Semyon Varlamov with a rebound.
11:33 of 2nd period - Shot by Tyler Ennis.
11:33 of 2nd period - Shot Misses the Net.
11:43 of 2nd period - Shot by Kris Russell.
11:43 of 2nd period - Shot Misses the Net.
12:33 of 2nd period - Marc Staal is hit by Lance Bouma.
12:45 of 2nd period - Shot by Patrick Kane.
12:45 of 2nd period - Shot Misses the Net.
12:59 of 2nd period - Shot by Blake Wheeler.
12:59 of 2nd period - Stopped by Brian Elliott without a rebound.
13:00 of 2nd period - Jori Lehtera wins face-off versus Mikael Backlund in Rangers zone.
13:07 of 2nd period - Shot by Eric Nystrom.
13:07 of 2nd period - Stopped by Brian Elliott without a rebound.
13:08 of 2nd period - Zemgus Girgensons wins face-off versus Jori Lehtera in Rangers zone.
14:14 of 2nd period - Icing by Bryan Allen.
14:15 of 2nd period - Mikael Backlund wins face-off versus Pavel Datsyuk in Rangers zone.
14:36 of 2nd period - Danny DeKeyser is hit by Tyler Ennis and loses puck.
15:25 of 2nd period - Icing by T.J. Brodie.
15:26 of 2nd period - Zemgus Girgensons wins face-off versus Nathan MacKinnon in Panthers zone.
16:07 of 2nd period - Shot by Zemgus Girgensons.
16:07 of 2nd period - Stopped by Semyon Varlamov with a rebound.
16:09 of 2nd period - Shot by Alex Goligoski.
16:09 of 2nd period - Stopped by Semyon Varlamov with a rebound.
16:11 of 2nd period - Shot by Zemgus Girgensons.
16:11 of 2nd period - Shot Misses the Net.
17:07 of 2nd period - Justin Braun is hit by David Jones.
17:22 of 2nd period - Icing by Patrick Kane.
17:23 of 2nd period - Patrick Kane wins face-off versus Sean Couturier in Panthers zone.
17:23 of 2nd period - Blake Wheeler is hit by Mikael Backlund and loses puck.
17:28 of 2nd period - Shot by Tyler Ennis.
17:28 of 2nd period - Stopped by Semyon Varlamov without a rebound.
17:29 of 2nd period - Pavel Datsyuk wins face-off versus Zemgus Girgensons in Panthers zone.
17:45 of 2nd period - Shot by Pavel Datsyuk.
17:45 of 2nd period - Stopped by Brian Elliott with a rebound.
17:53 of 2nd period - Shot by Jaromir Jagr.
17:53 of 2nd period - Stopped by Semyon Varlamov with a rebound.
17:55 of 2nd period - Shot by Alex Goligoski.
17:55 of 2nd period - Shot Blocked by Danny DeKeyser.
17:57 of 2nd period - Shot by Zemgus Girgensons.
17:57 of 2nd period - Stopped by Semyon Varlamov without a rebound.
17:58 of 2nd period - Sean Couturier wins face-off versus Jori Lehtera in Panthers zone.
17:58 of 2nd period - Mikael Backlund is hit by Mark Borowiecki and loses puck.
18:14 of 2nd period - Minor Penalty to Tomas Hertl for Cross-checking.
18:15 of 2nd period - Tyler Ennis wins face-off versus Riley Nash in Panthers zone.
18:24 of 2nd period - Shot by Tyler Ennis.
18:24 of 2nd period - Shot Misses the Net.
18:40 of 2nd period - Shot by Alex Goligoski.
18:40 of 2nd period - Stopped by Semyon Varlamov without a rebound.
18:41 of 2nd period - Riley Nash wins face-off versus Tomas Tatar in Panthers zone.
18:49 of 2nd period - Shot by Eric Brewer.
18:49 of 2nd period - Shot Misses the Net.
19:21 of 2nd period - Shot by Benoit Pouliot.
19:21 of 2nd period - Stopped by Semyon Varlamov without a rebound.
19:22 of 2nd period - Tyler Ennis wins face-off versus Riley Nash in Panthers zone.
19:39 of 2nd period - Shot by Zemgus Girgensons.
19:39 of 2nd period - Shot Misses the Net.
19:41 of 2nd period - Shot by Zemgus Girgensons.
19:41 of 2nd period - Stopped by Semyon Varlamov with a rebound.
19:43 of 2nd period - Shot by Alex Goligoski.
19:43 of 2nd period - Shot Hit the Post.
19:55 of 2nd period - Shot by Jaromir Jagr.
19:55 of 2nd period - Shot Blocked by Marc Staal.
19:57 of 2nd period - Shot by Zemgus Girgensons.
19:57 of 2nd period - Shot Blocked by Marc Staal.
Goals for this period are 0 for Rangers vs 1 for Panthers.
Shots for this period are 13 for Rangers vs 8 for Panthers.

3rd period


0:01 of 3rd period - Tyler Ennis wins face-off versus Riley Nash in neutral zone.
1:06 of 3rd period - Marc Staal is hit by Matt Calvert and loses puck.
1:23 of 3rd period - Off-side.
1:24 of 3rd period - Sean Couturier wins face-off versus Nathan MacKinnon in neutral zone.
1:26 of 3rd period - Chris Tanev is hit by Justin Braun and loses puck.
2:02 of 3rd period - Off-side.
2:03 of 3rd period - Zemgus Girgensons wins face-off versus Jori Lehtera in neutral zone.
2:09 of 3rd period - Minor Penalty to Mark Borowiecki for Interference.
2:10 of 3rd period - Eric Nystrom wins face-off versus Tomas Tatar in Panthers zone.
3:04 of 3rd period - Shot by Zemgus Girgensons.
3:04 of 3rd period - Stopped by Semyon Varlamov without a rebound.
3:05 of 3rd period - Tyler Ennis wins face-off versus Pavel Datsyuk in Panthers zone.
3:08 of 3rd period - Shot by Tyler Ennis.
3:08 of 3rd period - Deflect By Jaromir Jagr.
3:08 of 3rd period - Stopped by Semyon Varlamov without a rebound.
3:09 of 3rd period - Tyler Ennis wins face-off versus Pavel Datsyuk in Panthers zone.
4:51 of 3rd period - Lance Bouma is hit by Mark Borowiecki.
5:01 of 3rd period - Eric Brewer is hit by Blake Wheeler and loses puck.
5:17 of 3rd period - Benoit Pouliot is hit by Marc Staal and loses puck.
5:34 of 3rd period - Jori Lehtera is hit by Anton Volchenkov.
5:53 of 3rd period - Anton Volchenkov is hit by Marc Staal and loses puck.
6:40 of 3rd period - Shot by Henrik Zetterberg.
6:40 of 3rd period - Stopped by Brian Elliott without a rebound.
6:41 of 3rd period - Sean Couturier wins face-off versus Riley Nash in Rangers zone.
6:41 of 3rd period - Sean Couturier is hit by Jack Skille.
7:14 of 3rd period - Minor Penalty to Tyler Ennis for Tripping.
7:15 of 3rd period - Sean Couturier wins face-off versus Nathan MacKinnon in Rangers zone.
7:31 of 3rd period - Shot by Nathan MacKinnon.
7:31 of 3rd period - Shot Misses the Net.
8:13 of 3rd period - Icing by Danny DeKeyser.
8:14 of 3rd period - Pavel Datsyuk wins face-off versus Zemgus Girgensons in Panthers zone.
8:50 of 3rd period - Shot by Vladimir Tarasenko.
8:50 of 3rd period - Stopped by Brian Elliott without a rebound.
8:51 of 3rd period - Sean Couturier wins face-off versus Nathan MacKinnon in Rangers zone.
8:57 of 3rd period - Icing by T.J. Brodie.
8:58 of 3rd period - Sean Couturier wins face-off versus Nathan MacKinnon in Panthers zone.
9:45 of 3rd period - Icing by Eric Brewer.
9:46 of 3rd period - Craig Smith wins face-off versus Pavel Datsyuk in Rangers zone.
9:46 of 3rd period - Benoit Pouliot is hit by Henrik Zetterberg and loses puck.
9:51 of 3rd period - Shot by Henrik Zetterberg.
9:51 of 3rd period - Stopped by Brian Elliott with a rebound.
9:53 of 3rd period - Shot by Pavel Datsyuk.
9:53 of 3rd period - Deflect By Vladimir Tarasenko.
9:53 of 3rd period - Shot Misses the Net.
10:09 of 3rd period - Shot by Pavel Datsyuk.
10:09 of 3rd period - Shot Misses the Net.
11:05 of 3rd period - Shot by Tomas Tatar.
11:05 of 3rd period - Deflect By Zemgus Girgensons.
11:05 of 3rd period - Shot Misses the Net.
11:07 of 3rd period - Shot by Tomas Tatar.
11:07 of 3rd period - Shot Misses the Net.
11:11 of 3rd period - Shot by Zemgus Girgensons.
11:11 of 3rd period - Stopped by Semyon Varlamov without a rebound.
11:12 of 3rd period - Sean Couturier wins face-off versus Tomas Hertl in Panthers zone.
11:12 of 3rd period - Kris Russell is hit by Mark Borowiecki and loses puck.
11:33 of 3rd period - Shot by Sean Couturier.
11:33 of 3rd period - Stopped by Semyon Varlamov with a rebound.
11:34 of 3rd period - Minor Penalty to Mark Borowiecki for Goalie Interference.
11:35 of 3rd period - Jaromir Jagr wins face-off versus Riley Nash in Panthers zone.
11:52 of 3rd period - Shot by Alex Goligoski.
11:52 of 3rd period - Stopped by Semyon Varlamov without a rebound.
11:53 of 3rd period - Tomas Tatar wins face-off versus Riley Nash in Panthers zone.
12:02 of 3rd period - Shot by Benoit Pouliot.
12:02 of 3rd period - Stopped by Semyon Varlamov without a rebound.
12:03 of 3rd period - Riley Nash wins face-off versus Tomas Tatar in Panthers zone.
12:03 of 3rd period - Riley Nash is hit by Tomas Tatar.
12:37 of 3rd period - Shot by Eric Brewer.
12:37 of 3rd period - Shot Misses the Net.
13:03 of 3rd period - Shot by Chris Tanev.
13:03 of 3rd period - Shot Blocked by Marc Staal.
13:05 of 3rd period - Shot by Alex Goligoski.
13:05 of 3rd period - Shot Blocked by Riley Nash.
14:23 of 3rd period - Icing by Mark Borowiecki.
14:24 of 3rd period - Nathan MacKinnon wins face-off versus Sean Couturier in Panthers zone.
14:59 of 3rd period - Shot by Vladimir Tarasenko.
14:59 of 3rd period - Shot Misses the Net.
15:06 of 3rd period - Off-side.
15:07 of 3rd period - Riley Nash wins face-off versus Zemgus Girgensons in neutral zone.
15:26 of 3rd period - Shot by Zemgus Girgensons.
15:26 of 3rd period - Stopped by Semyon Varlamov with a rebound.
15:34 of 3rd period - Shot by Jaromir Jagr.
15:34 of 3rd period - Stopped by Semyon Varlamov without a rebound.
15:35 of 3rd period - Nathan MacKinnon wins face-off versus Brad Richards in Panthers zone.
15:41 of 3rd period - Off-side.
15:42 of 3rd period - Matt Calvert wins face-off versus Pavel Datsyuk in neutral zone.
18:03 of 3rd period - Sean Couturier is hit by Mark Borowiecki and loses puck.
18:19 of 3rd period - Icing by Eric Brewer.
18:20 of 3rd period - Sean Couturier wins face-off versus Pavel Datsyuk in Rangers zone.
18:58 of 3rd period - Kris Russell is hit by Pavel Datsyuk.
Goals for this period are 0 for Rangers vs 0 for Panthers.
Shots for this period are 8 for Rangers vs 3 for Panthers.